[ AOE2 MATCH · #480354000 ]
UnrankedPersians vs Magyars
[ REPLAY ANALYSIS · EXTRACTED FROM THE RECORDED GAME ]
Feudal
13:53
Castle
17:33
Imperial
56:49
| APM avg | 29.4 |
| APM peak | 62 |
| eAPM avg | 18.4 |
| Villagers / military | 177 / 143 |
Focus
⚔️ 25.0% · 🌾 75.0%
Scout Cavalry ×80 · Skirmisher ×33 · Spearman ×14 · Fishing Ship ×14 · Knight ×9 · Fire Galley ×7
Feudal
13:20
Castle
34:34
Imperial
55:38
| APM avg | 21.8 |
| APM peak | 63 |
| eAPM avg | 12.2 |
| Villagers / military | 80 / 138 |
Focus
⚔️ 34.4% · 🌾 65.6%
Skirmisher ×79 · Scout Cavalry ×30 · Magyar Huszar ×10 · Archer ×8 · Spearman ×6 · Cavalry Archer ×5
Feudal
15:43
Castle
20:27
Imperial
34:56
| APM avg | 55.5 |
| APM peak | 142 |
| eAPM avg | 28.0 |
| Villagers / military | 130 / 359 |
Focus
⚔️ 37.4% · 🌾 62.6%
Magyar Huszar ×181 · Cavalry Archer ×169 · Fishing Ship ×30 · Trebuchet (Packed) ×9
Feudal
15:37
Castle
20:38
Imperial
44:20
| APM avg | 20.0 |
| APM peak | 43 |
| eAPM avg | 12.3 |
| Villagers / military | 72 / 244 |
Focus
⚔️ 47.8% · 🌾 52.2%
Knight ×147 · Skirmisher ×93 · Fishing Ship ×19 · Trebuchet (Packed) ×4
Feudal
—
Castle
—
Imperial
—
| APM avg | 23.8 |
| APM peak | 98 |
| eAPM avg | 17.3 |
| Villagers / military | 265 / 290 |
Focus
⚔️ 29.4% · 🌾 70.6%
Steppe Lancer ×220 · Mangudai ×31 · Battering Ram ×21 · Knight ×13 · Fishing Ship ×7 · Monk ×2
Feudal
11:24
Castle
21:33
Imperial
37:36
| APM avg | 41.5 |
| APM peak | 68 |
| eAPM avg | 24.5 |
| Villagers / military | 207 / 296 |
Focus
⚔️ 40.8% · 🌾 59.2%
Rattan Archer ×114 · Skirmisher ×83 · Fire Lancer ×55 · Fishing Ship ×16 · Fire Galley ×10 · Trebuchet (Packed) ×8
Feudal
13:37
Castle
19:20
Imperial
47:10
| APM avg | 48.9 |
| APM peak | 85 |
| eAPM avg | 26.1 |
| Villagers / military | 169 / 197 |
Focus
⚔️ 37.3% · 🌾 62.7%
Woad Raider ×70 · Spearman ×65 · Battering Ram ×31 · Scorpion ×21 · Fishing Ship ×16 · Mangonel ×4
Feudal
13:21
Castle
19:05
Imperial
58:46
| APM avg | 31.0 |
| APM peak | 118 |
| eAPM avg | 18.0 |
| Villagers / military | 84 / 85 |
Focus
⚔️ 47.0% · 🌾 53.0%
Steppe Lancer ×64 · Iron Pagoda ×13 · Fishing Ship ×12 · Unknown (1908) ×12 · Monk ×2 · Fire Lancer ×2
Match map
Initial resources + every placement click. Lines = walls · curves = elevation contours. ◆ gold · ⬟ stone · ● berries · ✦ relic · ◌ wall gap
Your base· Open — 5t gap
TxWang's base· Open — 3t gap
搞就完了's base· Open — unwalled flank
willem.goossenss's base· Open — unwalled flank
SevenThunder438's base· Open — 4t gap
半半年没打了's base· Open — unwalled flank
中药人's base· Open — unwalled flank
岸边露伴's base· Open — 14t gap
Smoothed initial terrain · ◌ = detected wall gap · hover for details
Inputs per minute
— 尼玛个蛋 - - TxWang
Build order — 尼玛个蛋
First 150 of 490 actions detected
| 0:03 | Build | Town Center |
| 1:21 | Build | Dock |
| 1:23 | Build | House |
| 2:29 | Queue | Villager (Male) |
| 2:29 | Queue | Villager (Male) |
| 2:29 | Queue | Villager (Male) |
| 2:29 | Queue | Villager (Male) |
| 2:30 | Queue | Villager (Male) |
| 2:30 | Queue | Villager (Male) |
| 3:18 | Queue | Fishing Ship |
| 3:25 | Build | House |
| 4:03 | Queue | Fishing Ship |
| 4:19 | Build | Palisade Wall |
| 4:37 | Research | Loom |
| 4:53 | Queue | Villager (Male) |
| 5:06 | Build | House |
| 5:12 | Queue | Villager (Male) |
| 5:12 | Queue | Villager (Male) |
| 5:37 | Queue | Villager (Male) |
| 5:55 | Queue | Fishing Ship |
| 5:55 | Queue | Fishing Ship |
| 6:12 | Queue | Villager (Male) |
| 6:34 | Queue | Villager (Male) |
| 6:50 | Queue | Villager (Male) |
| 6:57 | Queue | Fishing Ship |
| 7:05 | Build | House |
| 7:10 | Queue | Villager (Male) |
| 7:36 | Queue | Villager (Male) |
| 7:47 | Queue | Fishing Ship |
| 7:55 | Queue | Villager (Male) |
| 8:01 | Build | Mill |
| 8:12 | Build | House |
| 8:16 | Queue | Villager (Male) |
| 8:30 | Queue | Villager (Male) |
| 8:33 | Queue | Fishing Ship |
| 8:51 | Queue | Villager (Male) |
| 9:15 | Build | House |
| 9:29 | Build | Dock |
| 9:33 | Queue | Villager (Male) |
| 9:53 | Queue | Fishing Ship |
| 10:05 | Queue | Villager (Male) |
| 10:10 | Queue | Fishing Ship |
| 10:10 | Queue | Fishing Ship |
| 10:38 | Queue | Villager (Male) |
| 10:41 | Build | Mining Camp |
| 10:57 | Queue | Fishing Ship |
| 10:57 | Queue | Fishing Ship |
| 11:01 | Queue | Villager (Male) |
| 11:49 | Research | Feudal Age |
| 11:50 | Research | Feudal Age |
| 12:00 | Build | Barracks |
| 12:02 | Queue | Fishing Ship |
| 12:47 | Queue | Villager (Male) |
| 12:47 | Queue | Villager (Male) |
| 12:51 | Queue | Fishing Ship |
| 12:57 | Build | House |
| 13:53 | Age | Feudal Age |
| 13:57 | Build | Stable |
| 14:05 | Build | Blacksmith |
| 14:12 | Build | Lumber Camp |
| 14:52 | Build | Dock |
| 15:08 | Research | Castle Age |
| 15:31 | Queue | Fire Galley |
| 15:31 | Queue | Fire Galley |
| 15:34 | Build | House |
| 15:44 | Queue | Fire Galley |
| 15:44 | Queue | Fire Galley |
| 16:02 | Queue | Fire Galley |
| 16:14 | Queue | Villager (Male) |
| 16:16 | Research | Double-Bit Axe |
| 16:16 | Research | Double-Bit Axe |
| 16:51 | Queue | Villager (Male) |
| 16:58 | Queue | Fire Galley |
| 16:58 | Queue | Fire Galley |
| 17:05 | Queue | Villager (Male) |
| 17:17 | Build | Farm |
| 17:18 | Build | Farm |
| 17:19 | Build | Farm |
| 17:33 | Age | Castle Age |
| 17:41 | Build | House |
| 17:42 | Build | House |
| 17:46 | Queue | Knight |
| 17:47 | Queue | Knight |
| 17:47 | Queue | Knight |
| 18:06 | Build | House |
| 18:10 | Build | Farm |
| 18:12 | Build | Farm |
| 18:15 | Build | Farm |
| 18:20 | Queue | Knight |
| 18:31 | Queue | Villager (Male) |
| 18:45 | Queue | Knight |
| 18:57 | Queue | Villager (Male) |
| 19:02 | Build | Stable |
| 19:14 | Queue | Knight |
| 19:16 | Queue | Villager (Male) |
| 19:39 | Build | House |
| 19:41 | Queue | Villager (Male) |
| 19:48 | Build | Farm |
| 20:03 | Research | Wheelbarrow |
| 20:04 | Research | Wheelbarrow |
| 20:36 | Queue | Villager (Male) |
| 20:45 | Build | House |
| 20:51 | Queue | Villager (Male) |
| 21:09 | Queue | Villager (Male) |
| 21:18 | Build | Town Center |
| 21:54 | Queue | Villager (Male) |
| 21:57 | Build | Town Center |
| 22:20 | Queue | Villager (Male) |
| 22:22 | Queue | Knight |
| 22:23 | Queue | Knight |
| 22:23 | Queue | Knight |
| 22:45 | Queue | Villager (Male) |
| 22:55 | Build | House |
| 22:55 | Build | House |
| 23:02 | Queue | Villager (Male) |
| 23:18 | Build | Farm |
| 23:21 | Build | Farm |
| 23:22 | Build | Farm |
| 23:23 | Build | Farm |
| 23:24 | Build | Farm |
| 23:32 | Queue | Villager (Male) |
| 23:33 | Queue | Villager (Male) |
| 23:35 | Build | Market |
| 23:49 | Queue | Villager (Male) |
| 23:49 | Queue | Villager (Male) |
| 23:53 | Build | Farm |
| 23:55 | Build | Farm |
| 23:57 | Build | Farm |
| 24:06 | Build | Farm |
| 24:11 | Build | House |
| 24:12 | Build | House |
| 24:12 | Build | House |
| 24:18 | Queue | Villager (Male) |
| 24:18 | Queue | Villager (Male) |
| 24:19 | Queue | Villager (Male) |
| 24:27 | Queue | Villager (Male) |
| 24:27 | Queue | Villager (Male) |
| 25:03 | Build | House |
| 25:19 | Build | Farm |
| 25:29 | Queue | Villager (Male) |
| 25:29 | Queue | Villager (Male) |
| 25:32 | Queue | Villager (Male) |
| 25:35 | Build | Farm |
| 25:37 | Queue | Villager (Male) |
| 25:37 | Queue | Villager (Male) |
| 25:40 | Build | Barracks |
| 25:46 | Queue | Spearman |
| 25:49 | Build | House |
| 26:06 | Queue | Villager (Male) |
| 26:06 | Queue | Villager (Male) |
Build order — TxWang
First 150 of 349 actions detected
| 0:07 | Build | Town Center |
| 0:12 | Build | House |
| 2:30 | Queue | Villager (Male) |
| 2:56 | Queue | Villager (Male) |
| 2:57 | Queue | Villager (Male) |
| 3:31 | Queue | Villager (Male) |
| 3:55 | Queue | Villager (Male) |
| 4:15 | Build | House |
| 4:32 | Queue | Villager (Male) |
| 4:46 | Queue | Villager (Male) |
| 5:32 | Queue | Villager (Male) |
| 5:32 | Queue | Villager (Male) |
| 5:36 | Build | House |
| 6:19 | Build | Mill |
| 6:50 | Queue | Villager (Male) |
| 6:50 | Queue | Villager (Male) |
| 6:50 | Queue | Villager (Male) |
| 7:16 | Queue | Villager (Male) |
| 7:34 | Queue | Villager (Male) |
| 7:44 | Queue | Villager (Male) |
| 8:42 | Queue | Villager (Male) |
| 8:44 | Build | House |
| 8:48 | Research | Loom |
| 9:13 | Queue | Villager (Male) |
| 9:41 | Queue | Villager (Male) |
| 10:06 | Queue | Villager (Male) |
| 10:14 | Build | Barracks |
| 10:25 | Queue | Villager (Male) |
| 11:10 | Research | Feudal Age |
| 12:16 | Build | House |
| 12:46 | Build | House |
| 13:08 | Build | Mining Camp |
| 13:17 | Queue | Villager (Male) |
| 13:20 | Age | Feudal Age |
| 13:22 | Queue | Spearman |
| 13:41 | Build | Archery Range |
| 13:54 | Queue | Villager (Male) |
| 14:02 | Queue | Spearman |
| 14:26 | Queue | Archer |
| 14:35 | Queue | Spearman |
| 14:51 | Queue | Archer |
| 14:59 | Build | Lumber Camp |
| 15:03 | Queue | Spearman |
| 15:07 | Queue | Archer |
| 15:36 | Queue | Archer |
| 16:00 | Queue | Villager (Male) |
| 16:16 | Queue | Archer |
| 16:22 | Build | Blacksmith |
| 16:27 | Queue | Spearman |
| 16:41 | Build | Stone Wall |
| 16:57 | Queue | Villager (Male) |
| 17:00 | Build | House |
| 17:08 | Queue | Villager (Male) |
| 17:15 | Queue | Archer |
| 17:31 | Build | Farm |
| 17:33 | Build | Farm |
| 17:54 | Queue | Archer |
| 18:01 | Queue | Archer |
| 18:04 | Build | Farm |
| 18:05 | Queue | Villager (Male) |
| 18:30 | Research | Double-Bit Axe |
| 18:32 | Queue | Villager (Male) |
| 18:33 | Build | Farm |
| 18:42 | Research | Fletching |
| 18:47 | Queue | Villager (Male) |
| 18:56 | Build | Farm |
| 19:01 | Build | Farm |
| 19:25 | Build | Farm |
| 19:37 | Queue | Villager (Male) |
| 20:09 | Build | House |
| 20:11 | Build | House |
| 20:11 | Build | House |
| 20:36 | Research | Scale Mail Armor |
| 20:47 | Queue | Villager (Male) |
| 21:14 | Build | Market |
| 21:42 | Queue | Villager (Male) |
| 21:42 | Queue | Villager (Male) |
| 22:01 | Queue | Spearman |
| 22:06 | Research | Padded Archer Armor |
| 22:27 | Build | Blacksmith |
| 23:08 | Build | Mill |
| 23:11 | Build | Farm |
| 23:11 | Build | Farm |
| 23:12 | Build | Farm |
| 24:41 | Queue | Villager (Male) |
| 25:29 | Build | Lumber Camp |
| 26:26 | Build | Mill |
| 26:39 | Build | Barracks |
| 27:52 | Build | Town Center |
| 28:26 | Build | Farm |
| 28:30 | Build | Farm |
| 28:33 | Build | Farm |
| 28:36 | Build | Farm |
| 28:40 | Queue | Villager (Male) |
| 28:40 | Queue | Villager (Male) |
| 29:07 | Build | Farm |
| 29:10 | Build | Farm |
| 29:45 | Build | Farm |
| 29:51 | Build | Farm |
| 29:55 | Build | Mining Camp |
| 31:54 | Research | Castle Age |
| 31:58 | Build | Archery Range |
| 32:00 | Build | Archery Range |
| 32:06 | Build | Archery Range |
| 32:06 | Build | Archery Range |
| 32:52 | Research | Horse Collar |
| 33:00 | Queue | Skirmisher |
| 33:00 | Queue | Skirmisher |
| 33:01 | Queue | Skirmisher |
| 33:01 | Queue | Skirmisher |
| 33:20 | Build | Mining Camp |
| 33:24 | Queue | Villager (Male) |
| 33:24 | Queue | Villager (Male) |
| 33:58 | Research | Gold Mining |
| 34:06 | Queue | Skirmisher |
| 34:06 | Queue | Skirmisher |
| 34:06 | Queue | Skirmisher |
| 34:16 | Build | House |
| 34:17 | Build | House |
| 34:18 | Build | House |
| 34:19 | Build | House |
| 34:34 | Age | Castle Age |
| 34:47 | Queue | Villager (Male) |
| 34:47 | Queue | Villager (Male) |
| 34:52 | Research | Elite Skirmisher (upgrade) |
| 35:14 | Queue | Villager (Male) |
| 35:46 | Queue | Villager (Male) |
| 35:47 | Queue | Villager (Male) |
| 35:48 | Queue | Villager (Male) |
| 35:53 | Queue | Skirmisher |
| 35:53 | Queue | Skirmisher |
| 36:24 | Queue | Villager (Male) |
| 36:25 | Queue | Villager (Male) |
| 36:25 | Queue | Villager (Male) |
| 36:37 | Queue | Skirmisher |
| 36:37 | Queue | Skirmisher |
| 36:37 | Queue | Skirmisher |
| 36:44 | Build | House |
| 36:46 | Build | House |
| 36:46 | Build | House |
| 36:47 | Build | House |
| 36:47 | Build | House |
| 37:22 | Research | Bow Saw |
| 37:27 | Build | House |
| 37:28 | Build | House |
| 37:28 | Build | House |
| 37:29 | Build | House |
| 37:54 | Queue | Villager (Male) |
| 37:54 | Queue | Villager (Male) |
| 38:16 | Build | Town Center |
Build order — 搞就完了
First 150 of 705 actions detected
| 0:23 | Build | Town Center |
| 2:13 | Build | House |
| 2:15 | Build | House |
| 2:41 | Research | Loom |
| 2:42 | Research | Loom |
| 2:42 | Queue | Villager (Male) |
| 2:42 | Queue | Villager (Male) |
| 2:42 | Queue | Villager (Male) |
| 2:43 | Queue | Villager (Male) |
| 2:43 | Queue | Villager (Male) |
| 5:10 | Queue | Villager (Male) |
| 5:28 | Build | Dock |
| 5:35 | Build | House |
| 5:36 | Build | House |
| 6:27 | Queue | Villager (Male) |
| 6:28 | Queue | Villager (Male) |
| 6:28 | Queue | Villager (Male) |
| 6:51 | Queue | Fishing Ship |
| 7:00 | Build | House |
| 7:03 | Queue | Villager (Male) |
| 7:12 | Queue | Villager (Male) |
| 7:37 | Build | House |
| 8:03 | Queue | Villager (Male) |
| 8:03 | Queue | Villager (Male) |
| 8:07 | Build | House |
| 8:39 | Build | House |
| 8:39 | Build | House |
| 8:49 | Queue | Villager (Male) |
| 8:53 | Queue | Villager (Male) |
| 8:53 | Queue | Villager (Male) |
| 8:54 | Queue | Villager (Male) |
| 8:54 | Queue | Villager (Male) |
| 9:53 | Queue | Villager (Male) |
| 9:53 | Queue | Villager (Male) |
| 9:54 | Queue | Villager (Male) |
| 9:54 | Queue | Villager (Male) |
| 9:59 | Build | House |
| 10:01 | Build | House |
| 10:02 | Build | House |
| 10:04 | Build | House |
| 10:30 | Queue | Fishing Ship |
| 10:30 | Queue | Fishing Ship |
| 10:49 | Queue | Villager (Male) |
| 11:10 | Queue | Fishing Ship |
| 11:11 | Queue | Fishing Ship |
| 11:11 | Queue | Fishing Ship |
| 11:14 | Queue | Villager (Male) |
| 11:27 | Queue | Villager (Male) |
| 11:29 | Queue | Villager (Male) |
| 11:54 | Build | Lumber Camp |
| 12:01 | Build | House |
| 12:57 | Build | House |
| 13:09 | Research | Feudal Age |
| 13:35 | Build | Mining Camp |
| 13:39 | Build | House |
| 13:42 | Queue | Fishing Ship |
| 13:42 | Queue | Fishing Ship |
| 13:42 | Queue | Fishing Ship |
| 13:51 | Build | House |
| 14:00 | Build | House |
| 14:04 | Build | House |
| 14:31 | Build | Mill |
| 14:46 | Queue | Fishing Ship |
| 15:20 | Build | House |
| 15:21 | Build | House |
| 15:22 | Build | House |
| 15:40 | Build | House |
| 15:43 | Age | Feudal Age |
| 15:44 | Build | House |
| 15:51 | Build | House |
| 15:56 | Build | House |
| 16:01 | Build | Palisade Wall |
| 16:07 | Queue | Villager (Male) |
| 16:07 | Queue | Villager (Male) |
| 16:08 | Queue | Villager (Male) |
| 16:09 | Queue | Villager (Male) |
| 16:33 | Build | Market |
| 16:38 | Build | Blacksmith |
| 17:06 | Research | Tech 906 |
| 17:35 | Research | Castle Age |
| 17:47 | Build | Palisade Wall |
| 17:56 | Build | Dock |
| 18:23 | Research | Double-Bit Axe |
| 18:25 | Research | Horse Collar |
| 18:36 | Build | House |
| 18:39 | Build | House |
| 18:40 | Build | House |
| 18:41 | Build | House |
| 18:42 | Build | House |
| 19:07 | Build | House |
| 19:09 | Queue | Fishing Ship |
| 19:10 | Queue | Fishing Ship |
| 19:10 | Queue | Fishing Ship |
| 19:23 | Research | Gold Mining |
| 19:23 | Research | Stone Mining |
| 19:34 | Queue | Fishing Ship |
| 20:27 | Age | Castle Age |
| 20:31 | Build | Town Center |
| 20:35 | Queue | Villager (Male) |
| 20:38 | Queue | Villager (Male) |
| 20:42 | Research | Bow Saw |
| 21:02 | Queue | Villager (Male) |
| 21:09 | Research | Heavy Plow |
| 21:20 | Build | House |
| 21:26 | Research | Gillnets |
| 21:58 | Build | Town Center |
| 22:06 | Queue | Villager (Male) |
| 22:07 | Queue | Villager (Male) |
| 22:08 | Queue | Villager (Male) |
| 22:09 | Queue | Villager (Male) |
| 22:09 | Queue | Villager (Male) |
| 22:27 | Build | Dock |
| 22:31 | Queue | Fishing Ship |
| 22:37 | Queue | Fishing Ship |
| 22:38 | Queue | Fishing Ship |
| 22:51 | Queue | Villager (Male) |
| 22:51 | Queue | Villager (Male) |
| 23:00 | Build | House |
| 23:01 | Build | House |
| 23:02 | Build | House |
| 23:04 | Build | House |
| 23:20 | Research | Wheelbarrow |
| 23:22 | Queue | Villager (Male) |
| 23:22 | Queue | Villager (Male) |
| 23:23 | Queue | Villager (Male) |
| 23:23 | Queue | Villager (Male) |
| 23:24 | Queue | Villager (Male) |
| 23:36 | Build | House |
| 23:36 | Build | House |
| 23:39 | Build | House |
| 23:41 | Queue | Fishing Ship |
| 23:41 | Queue | Fishing Ship |
| 23:41 | Queue | Fishing Ship |
| 23:48 | Queue | Fishing Ship |
| 23:48 | Queue | Fishing Ship |
| 23:48 | Queue | Fishing Ship |
| 23:53 | Queue | Fishing Ship |
| 23:54 | Queue | Fishing Ship |
| 23:54 | Queue | Fishing Ship |
| 24:04 | Queue | Villager (Male) |
| 24:04 | Queue | Villager (Male) |
| 24:33 | Build | Town Center |
| 24:40 | Queue | Villager (Male) |
| 24:40 | Queue | Villager (Male) |
| 24:41 | Queue | Villager (Male) |
| 24:46 | Build | Mining Camp |
| 24:58 | Build | Barracks |
| 25:06 | Queue | Fishing Ship |
| 25:06 | Queue | Fishing Ship |
| 25:13 | Queue | Fishing Ship |
Build order — willem.goossenss
First 150 of 447 actions detected
| 0:07 | Build | Town Center |
| 2:31 | Queue | Villager (Male) |
| 2:31 | Queue | Villager (Male) |
| 2:31 | Queue | Villager (Male) |
| 2:31 | Queue | Villager (Male) |
| 2:32 | Queue | Villager (Male) |
| 2:34 | Build | House |
| 3:57 | Build | House |
| 4:14 | Research | Loom |
| 4:31 | Build | Dock |
| 5:07 | Queue | Villager (Male) |
| 5:07 | Queue | Villager (Male) |
| 5:15 | Queue | Fishing Ship |
| 5:35 | Queue | Fishing Ship |
| 5:59 | Queue | Villager (Male) |
| 6:20 | Queue | Fishing Ship |
| 6:26 | Build | House |
| 6:40 | Queue | Villager (Male) |
| 7:00 | Queue | Fishing Ship |
| 7:34 | Queue | Fishing Ship |
| 7:44 | Queue | Villager (Male) |
| 8:09 | Queue | Fishing Ship |
| 8:28 | Queue | Villager (Male) |
| 8:37 | Build | House |
| 8:55 | Queue | Villager (Male) |
| 9:18 | Queue | Villager (Male) |
| 9:24 | Build | Dock |
| 9:32 | Queue | Villager (Male) |
| 9:42 | Build | Mill |
| 9:50 | Queue | Villager (Male) |
| 10:04 | Queue | Fishing Ship |
| 10:25 | Build | House |
| 10:30 | Queue | Villager (Male) |
| 10:41 | Build | Mining Camp |
| 10:44 | Queue | Villager (Male) |
| 10:57 | Build | House |
| 11:04 | Queue | Fishing Ship |
| 11:18 | Queue | Villager (Male) |
| 11:31 | Queue | Fishing Ship |
| 11:50 | Queue | Villager (Male) |
| 11:54 | Queue | Fishing Ship |
| 12:13 | Build | Mill |
| 12:36 | Queue | Villager (Male) |
| 12:39 | Queue | Fishing Ship |
| 12:57 | Queue | Fishing Ship |
| 13:27 | Research | Feudal Age |
| 13:27 | Research | Feudal Age |
| 13:35 | Build | House |
| 13:38 | Queue | Fishing Ship |
| 13:41 | Queue | Fishing Ship |
| 13:52 | Build | Lumber Camp |
| 14:23 | Build | House |
| 14:39 | Queue | Fishing Ship |
| 14:58 | Build | House |
| 15:00 | Queue | Fishing Ship |
| 15:26 | Queue | Villager (Male) |
| 15:26 | Queue | Villager (Male) |
| 15:34 | Build | House |
| 15:37 | Age | Feudal Age |
| 15:39 | Research | Tech 906 |
| 15:44 | Research | Double-Bit Axe |
| 16:15 | Build | Market |
| 16:20 | Queue | Villager (Male) |
| 16:30 | Queue | Fishing Ship |
| 16:53 | Build | Blacksmith |
| 16:55 | Queue | Villager (Male) |
| 17:26 | Queue | Villager (Male) |
| 17:35 | Queue | Fishing Ship |
| 17:56 | Build | Town Center |
| 17:58 | Research | Castle Age |
| 18:43 | Build | Barracks |
| 18:47 | Research | Gold Mining |
| 19:02 | Queue | Fishing Ship |
| 19:12 | Research | Forging |
| 19:14 | Research | Scale Barding Armor |
| 19:51 | Build | Stable |
| 19:55 | Build | Stable |
| 20:30 | Queue | Villager (Male) |
| 20:30 | Queue | Villager (Male) |
| 20:38 | Age | Castle Age |
| 20:39 | Research | Gillnets |
| 20:45 | Research | Bloodlines |
| 20:59 | Build | Town Center |
| 21:06 | Queue | Knight |
| 21:12 | Queue | Knight |
| 21:17 | Queue | Villager (Male) |
| 21:20 | Build | Stable |
| 21:35 | Queue | Knight |
| 21:35 | Queue | Knight |
| 21:42 | Queue | Knight |
| 22:00 | Queue | Villager (Male) |
| 22:03 | Queue | Knight |
| 22:03 | Queue | Knight |
| 22:39 | Queue | Knight |
| 22:39 | Queue | Knight |
| 22:39 | Queue | Knight |
| 22:41 | Build | Farm |
| 22:42 | Build | Farm |
| 22:43 | Build | Farm |
| 23:12 | Queue | Knight |
| 23:12 | Queue | Knight |
| 23:20 | Queue | Villager (Male) |
| 23:21 | Queue | Villager (Male) |
| 23:22 | Queue | Villager (Male) |
| 23:26 | Build | Farm |
| 23:27 | Build | Farm |
| 23:29 | Build | Farm |
| 23:31 | Queue | Villager (Male) |
| 23:31 | Queue | Villager (Male) |
| 23:33 | Queue | Villager (Male) |
| 23:36 | Build | House |
| 23:37 | Build | House |
| 23:38 | Build | House |
| 23:39 | Build | House |
| 24:52 | Queue | Knight |
| 24:52 | Queue | Knight |
| 24:52 | Queue | Knight |
| 24:52 | Queue | Knight |
| 24:53 | Queue | Knight |
| 24:54 | Queue | Knight |
| 25:21 | Queue | Knight |
| 25:21 | Queue | Knight |
| 25:22 | Queue | Knight |
| 25:22 | Queue | Knight |
| 25:25 | Build | Farm |
| 25:29 | Queue | Villager (Male) |
| 25:29 | Queue | Villager (Male) |
| 25:34 | Build | Farm |
| 25:53 | Queue | Knight |
| 25:53 | Queue | Knight |
| 25:58 | Build | Mill |
| 26:06 | Queue | Villager (Male) |
| 26:06 | Queue | Villager (Male) |
| 26:28 | Queue | Knight |
| 26:28 | Queue | Knight |
| 26:32 | Build | House |
| 26:33 | Build | House |
| 27:00 | Queue | Knight |
| 27:01 | Queue | Knight |
| 27:01 | Queue | Knight |
| 27:30 | Research | Chain Barding Armor |
| 28:14 | Queue | Knight |
| 28:15 | Queue | Knight |
| 28:15 | Queue | Knight |
| 28:15 | Queue | Knight |
| 28:15 | Queue | Knight |
| 29:20 | Queue | Knight |
| 29:20 | Queue | Knight |
| 29:20 | Queue | Knight |
| 29:21 | Queue | Knight |
Build order — SevenThunder438
First 150 of 463 actions detected
| 0:22 | Build | Town Center |
| 0:52 | Build | Dock |
| 1:01 | Build | House |
| 2:46 | Queue | Villager (Male) ×4 |
| 4:08 | Queue | Villager (Male) |
| 4:29 | Queue | Fishing Ship |
| 4:38 | Queue | Villager (Male) |
| 4:51 | Research | Loom |
| 5:04 | Build | House |
| 5:25 | Queue | Villager (Male) |
| 5:45 | Queue | Fishing Ship |
| 5:50 | Queue | Villager (Male) |
| 6:05 | Build | House |
| 6:13 | Queue | Villager (Male) |
| 6:36 | Queue | Fishing Ship |
| 6:44 | Build | House |
| 6:55 | Queue | Villager (Male) |
| 6:55 | Queue | Villager (Male) |
| 7:12 | Queue | Fishing Ship |
| 7:44 | Build | Palisade Wall |
| 7:48 | Build | Palisade Wall |
| 7:52 | Queue | Villager (Male) |
| 7:53 | Queue | Villager (Male) |
| 7:53 | Queue | Villager (Male) |
| 7:57 | Queue | Fishing Ship |
| 8:28 | Build | Mill |
| 8:34 | Queue | Villager (Male) |
| 8:53 | Queue | Fishing Ship |
| 9:12 | Queue | Villager (Male) |
| 9:13 | Queue | Villager (Male) |
| 9:27 | Queue | Villager (Male) |
| 9:27 | Queue | Fishing Ship |
| 9:48 | Build | House |
| 9:54 | Build | House |
| 10:22 | Queue | Villager (Male) |
| 10:31 | Build | Mining Camp |
| 10:40 | Build | House |
| 11:17 | Research | Feudal Age |
| 11:18 | Research | Feudal Age |
| 11:32 | Build | Lumber Camp |
| 12:07 | Build | Mining Camp |
| 12:59 | Build | Palisade Wall |
| 13:16 | Build | Palisade Wall |
| 13:23 | Build | Palisade Gate |
| 13:27 | Queue | Villager (Male) |
| 13:28 | Queue | Villager (Male) |
| 13:58 | Queue | Villager (Male) |
| 13:58 | Queue | Villager (Male) |
| 14:13 | Build | Market |
| 14:49 | Queue | Villager (Male) |
| 15:20 | Build | Blacksmith |
| 15:37 | Build | Outpost |
| 16:07 | Build | Dock |
| 17:11 | Research | Castle Age |
| 17:11 | Research | Castle Age |
| 17:11 | Research | Castle Age |
| 17:57 | Build | Watch Tower |
| 18:16 | Research | Double-Bit Axe |
| 19:05 | Build | House |
| 19:09 | Build | House |
| 19:10 | Build | House |
| 19:12 | Build | House |
| 19:13 | Build | House |
| 19:21 | Queue | Villager (Male) |
| 19:21 | Queue | Villager (Male) |
| 19:56 | Build | Siege Workshop |
| 20:05 | Build | Castle |
| 20:22 | Queue | Mangonel |
| 20:27 | Queue | Villager (Male) |
| 20:41 | Build | House |
| 20:42 | Build | House |
| 21:12 | Queue | Villager (Male) |
| 21:12 | Queue | Villager (Male) |
| 21:19 | Research | Fletching |
| 21:45 | Queue | Mangudai |
| 21:45 | Queue | Mangudai |
| 21:56 | Build | Town Center |
| 22:09 | Research | Horse Collar |
| 22:12 | Research | Wheelbarrow |
| 22:12 | Queue | Villager (Male) ×5 |
| 22:16 | Queue | Mangudai |
| 22:44 | Queue | Mangudai |
| 22:51 | Build | Farm |
| 22:51 | Build | Farm |
| 23:10 | Build | Farm |
| 23:14 | Build | Farm |
| 23:18 | Queue | Mangudai |
| 23:49 | Queue | Villager (Male) |
| 23:56 | Queue | Mangudai |
| 24:14 | Build | Monastery |
| 24:42 | Queue | Mangudai |
| 24:52 | Queue | Villager (Male) ×2 |
| 24:53 | Queue | Villager (Male) ×2 |
| 24:57 | Build | Farm |
| 25:21 | Queue | Monk |
| 25:24 | Queue | Villager (Male) |
| 25:24 | Queue | Villager (Male) |
| 25:31 | Build | Farm |
| 25:35 | Build | Town Center |
| 25:46 | Build | Farm |
| 25:50 | Build | Farm |
| 25:52 | Build | Farm |
| 25:58 | Queue | Villager (Male) |
| 26:23 | Queue | Battering Ram |
| 26:25 | Queue | Villager (Male) |
| 26:25 | Queue | Villager (Male) |
| 26:58 | Queue | Villager (Male) ×2 |
| 26:58 | Queue | Villager (Male) ×2 |
| 26:58 | Queue | Villager (Male) ×2 |
| 27:00 | Queue | Mangudai |
| 27:01 | Queue | Mangudai |
| 27:13 | Queue | Villager (Male) |
| 27:19 | Build | Farm |
| 27:30 | Build | Farm |
| 28:00 | Build | Farm |
| 28:01 | Build | Farm |
| 28:02 | Build | Farm |
| 28:10 | Research | Bodkin Arrow |
| 28:10 | Research | Bodkin Arrow |
| 28:26 | Queue | Villager (Male) |
| 28:26 | Queue | Villager (Male) |
| 28:27 | Queue | Villager (Male) |
| 28:51 | Queue | Mangudai |
| 28:51 | Queue | Villager (Male) |
| 28:52 | Queue | Villager (Male) ×2 |
| 28:52 | Queue | Villager (Male) ×2 |
| 28:52 | Queue | Villager (Male) ×2 |
| 29:05 | Build | Farm |
| 29:05 | Build | Farm |
| 29:07 | Build | Farm |
| 29:36 | Queue | Villager (Male) ×3 |
| 29:37 | Queue | Villager (Male) ×3 |
| 29:45 | Build | University |
| 29:57 | Build | Castle |
| 30:02 | Queue | Mangudai |
| 30:28 | Queue | Villager (Male) ×5 |
| 30:29 | Queue | Villager (Male) ×5 |
| 30:34 | Build | Farm |
| 30:35 | Build | Farm |
| 30:41 | Build | Farm |
| 31:44 | Queue | Villager (Male) ×5 |
| 31:44 | Research | Hand Cart |
| 31:44 | Research | Town Watch |
| 31:45 | Queue | Villager (Male) |
| 32:02 | Queue | Mangudai |
| 32:03 | Queue | Mangudai |
| 32:03 | Queue | Mangudai |
| 32:03 | Queue | Mangudai |
| 32:03 | Queue | Mangudai |
| 32:09 | Research | Padded Archer Armor |
Build order — 半半年没打了
First 150 of 628 actions detected
| 0:26 | Build | Dock |
| 0:29 | Build | House |
| 0:42 | Build | Town Center |
| 1:36 | Build | Palisade Wall |
| 1:39 | Build | Palisade Wall |
| 2:48 | Queue | Villager (Male) ×4 |
| 2:48 | Queue | Villager (Male) ×4 |
| 3:35 | Queue | Villager (Male) |
| 3:35 | Queue | Villager (Male) |
| 3:53 | Queue | Fishing Ship |
| 4:30 | Build | House |
| 4:51 | Queue | Villager (Male) |
| 5:26 | Queue | Villager (Male) |
| 5:43 | Queue | Fishing Ship |
| 5:44 | Queue | Fishing Ship |
| 5:46 | Queue | Villager (Male) |
| 5:46 | Queue | Villager (Male) |
| 6:03 | Queue | Villager (Male) |
| 6:16 | Build | House |
| 6:38 | Queue | Villager (Male) |
| 6:38 | Queue | Villager (Male) |
| 6:39 | Queue | Villager (Male) |
| 6:42 | Queue | Fishing Ship |
| 6:42 | Queue | Fishing Ship |
| 7:03 | Queue | Villager (Male) |
| 7:23 | Queue | Villager (Male) |
| 7:28 | Queue | Fishing Ship |
| 7:36 | Build | House |
| 8:13 | Queue | Villager (Male) |
| 8:13 | Queue | Villager (Male) |
| 8:21 | Build | Mining Camp |
| 8:44 | Research | Loom |
| 9:14 | Research | Feudal Age |
| 9:56 | Build | Dock |
| 9:59 | Build | House |
| 10:35 | Queue | Villager (Male) |
| 10:54 | Queue | Villager (Male) |
| 11:07 | Build | Lumber Camp |
| 11:24 | Age | Feudal Age |
| 11:25 | Queue | Galley |
| 11:26 | Queue | Galley |
| 11:32 | Research | Double-Bit Axe |
| 11:47 | Queue | Villager (Male) ×4 |
| 11:54 | Build | House |
| 12:13 | Queue | Galley |
| 12:14 | Queue | Galley |
| 12:18 | Build | House |
| 12:50 | Build | House |
| 13:01 | Queue | Villager (Male) |
| 13:04 | Queue | Fire Galley |
| 13:14 | Queue | Fire Galley |
| 13:32 | Build | House |
| 13:57 | Queue | Fire Galley |
| 14:00 | Queue | Villager (Male) |
| 14:04 | Build | House |
| 14:06 | Queue | Fishing Ship |
| 14:16 | Build | Dock |
| 14:34 | Build | House |
| 14:48 | Queue | Villager (Male) |
| 14:54 | Queue | Unit 2626 |
| 14:54 | Queue | Unit 2626 |
| 15:07 | Queue | Villager (Male) |
| 15:14 | Build | Stone Wall |
| 15:38 | Queue | Villager (Male) |
| 15:41 | Build | Mill |
| 15:54 | Queue | Unit 2626 |
| 15:54 | Queue | Unit 2626 |
| 15:55 | Queue | Villager (Male) |
| 15:55 | Queue | Villager (Male) |
| 16:04 | Queue | Unit 2626 |
| 16:14 | Build | House |
| 16:38 | Queue | Villager (Male) |
| 16:42 | Queue | Fire Galley |
| 16:42 | Queue | Fire Galley |
| 17:00 | Queue | Villager (Male) |
| 17:10 | Build | House |
| 17:31 | Queue | Villager (Male) |
| 17:32 | Build | Market |
| 17:40 | Queue | Fire Galley |
| 17:41 | Queue | Fire Galley |
| 17:46 | Queue | Fire Galley |
| 18:16 | Queue | Villager (Male) |
| 18:21 | Build | Blacksmith |
| 18:27 | Build | Lumber Camp |
| 18:53 | Research | Castle Age |
| 18:56 | Build | House |
| 19:24 | Research | Gold Mining |
| 19:59 | Queue | Villager (Male) |
| 20:02 | Queue | Fire Galley |
| 20:02 | Queue | Fire Galley |
| 20:13 | Build | Mining Camp |
| 21:06 | Queue | Villager (Male) |
| 21:26 | Queue | Villager (Male) |
| 21:33 | Age | Castle Age |
| 21:36 | Build | Town Center |
| 21:39 | Build | Monastery |
| 21:41 | Research | Bow Saw |
| 21:54 | Build | Town Center |
| 22:01 | Research | War Galley (upgrade) |
| 22:10 | Queue | Monk |
| 22:23 | Research | Town Watch |
| 22:31 | Queue | Villager (Male) |
| 22:32 | Queue | Villager (Male) |
| 22:34 | Queue | Villager (Male) |
| 22:53 | Build | Lumber Camp |
| 22:58 | Research | Wheelbarrow |
| 23:11 | Queue | Villager (Male) |
| 23:16 | Queue | Monk |
| 23:26 | Queue | Villager (Male) |
| 23:35 | Queue | Villager (Male) |
| 23:38 | Build | Town Center |
| 23:40 | Queue | Fishing Ship |
| 23:41 | Queue | Fishing Ship |
| 23:41 | Queue | Fishing Ship |
| 23:47 | Queue | Monk |
| 24:06 | Research | Horse Collar |
| 24:07 | Queue | Villager (Male) |
| 24:07 | Queue | Villager (Male) |
| 24:13 | Queue | Monk |
| 24:25 | Queue | Fishing Ship |
| 24:25 | Queue | Fishing Ship |
| 24:25 | Queue | Fishing Ship |
| 24:28 | Build | Fish Trap |
| 24:30 | Research | Tech 906 |
| 24:39 | Queue | Villager (Male) |
| 24:46 | Build | Barracks |
| 24:51 | Build | Lumber Camp |
| 24:53 | Queue | Villager (Male) |
| 24:53 | Queue | Villager (Male) |
| 25:13 | Queue | Villager (Male) |
| 25:16 | Build | House |
| 25:18 | Queue | Fishing Ship |
| 25:19 | Queue | Fishing Ship |
| 25:20 | Queue | Fishing Ship |
| 25:25 | Queue | Villager (Male) |
| 25:26 | Queue | Villager (Male) |
| 25:37 | Build | Farm |
| 25:38 | Build | Farm |
| 25:38 | Build | Farm |
| 25:41 | Queue | Villager (Male) |
| 25:41 | Queue | Villager (Male) |
| 25:41 | Queue | Villager (Male) |
| 25:51 | Queue | Villager (Male) |
| 25:51 | Queue | Villager (Male) |
| 26:02 | Build | House |
| 26:03 | Build | Fish Trap |
| 26:04 | Build | Fish Trap |
| 26:04 | Build | Fish Trap |
| 26:05 | Queue | Villager (Male) |
| 26:05 | Queue | Villager (Male) |
Build order — 中药人
First 150 of 570 actions detected
| 0:10 | Build | House |
| 0:17 | Build | Town Center |
| 0:35 | Build | Town Center |
| 2:38 | Build | Dock |
| 3:08 | Queue | Villager (Male) |
| 3:08 | Queue | Villager (Male) |
| 3:08 | Queue | Villager (Male) |
| 3:09 | Queue | Villager (Male) |
| 3:09 | Queue | Villager (Male) |
| 3:22 | Build | Palisade Wall |
| 4:23 | Queue | Fishing Ship |
| 4:51 | Research | Loom |
| 5:12 | Queue | Fishing Ship |
| 5:18 | Queue | Villager (Male) |
| 5:18 | Queue | Villager (Male) |
| 5:42 | Queue | Fishing Ship |
| 5:56 | Build | House |
| 6:24 | Queue | Villager (Male) |
| 6:24 | Queue | Villager (Male) |
| 6:36 | Build | House |
| 6:40 | Queue | Villager (Male) |
| 7:12 | Queue | Villager (Male) |
| 7:13 | Queue | Villager (Male) |
| 7:13 | Queue | Villager (Male) |
| 7:44 | Queue | Villager (Male) |
| 7:44 | Queue | Villager (Male) |
| 7:55 | Queue | Villager (Male) |
| 7:58 | Queue | Villager (Male) |
| 7:58 | Queue | Villager (Male) |
| 8:01 | Queue | Fishing Ship |
| 8:30 | Queue | Villager (Male) |
| 8:40 | Build | House |
| 9:08 | Queue | Fishing Ship |
| 9:11 | Queue | Villager (Male) |
| 9:26 | Build | House |
| 9:34 | Build | House |
| 9:35 | Build | Palisade Wall |
| 9:46 | Build | House |
| 9:57 | Queue | Villager (Male) |
| 9:59 | Queue | Fishing Ship |
| 10:21 | Queue | Villager (Male) |
| 10:30 | Build | Palisade Wall |
| 10:41 | Queue | Villager (Male) |
| 10:50 | Build | Mill |
| 10:58 | Queue | Fishing Ship |
| 11:18 | Build | Palisade Wall |
| 11:20 | Build | Palisade Wall |
| 11:27 | Research | Feudal Age |
| 12:15 | Build | Mining Camp |
| 12:16 | Queue | Villager (Male) |
| 12:48 | Queue | Villager (Male) |
| 13:37 | Age | Feudal Age |
| 13:46 | Build | Blacksmith |
| 14:15 | Queue | Villager (Male) |
| 14:22 | Build | Market |
| 14:49 | Queue | Villager (Male) |
| 15:06 | Queue | Villager (Male) |
| 15:34 | Build | Dock |
| 15:40 | Queue | Villager (Male) |
| 16:40 | Research | Castle Age |
| 16:41 | Research | Castle Age |
| 16:54 | Build | Lumber Camp |
| 17:10 | Queue | Unit 2626 |
| 17:33 | Build | House |
| 18:09 | Research | Double-Bit Axe |
| 18:11 | Research | Horse Collar |
| 18:17 | Build | Farm |
| 18:19 | Queue | Villager (Male) |
| 18:41 | Queue | Villager (Male) |
| 18:45 | Queue | Villager (Male) |
| 19:20 | Age | Castle Age |
| 19:24 | Build | Castle |
| 19:27 | Queue | Villager (Male) |
| 19:27 | Queue | Villager (Male) |
| 20:00 | Queue | Villager (Male) |
| 20:11 | Build | Dock |
| 20:28 | Queue | Villager (Male) |
| 20:34 | Build | Palisade Wall |
| 20:53 | Build | Siege Workshop |
| 21:08 | Queue | Villager (Male) |
| 21:14 | Build | Farm |
| 21:18 | Build | Farm |
| 21:39 | Build | House |
| 21:47 | Build | Farm |
| 21:51 | Queue | Woad Raider |
| 21:57 | Build | Farm |
| 22:20 | Queue | Mangonel |
| 22:32 | Queue | Villager (Male) |
| 22:35 | Queue | Woad Raider |
| 22:45 | Build | Stone Wall |
| 22:48 | Build | Stone Wall |
| 22:53 | Build | House |
| 22:57 | Queue | Villager (Male) |
| 23:02 | Queue | Villager (Male) |
| 23:06 | Build | Farm |
| 23:31 | Queue | Woad Raider |
| 23:39 | Queue | Villager (Male) |
| 23:45 | Queue | Mangonel |
| 23:57 | Queue | Villager (Male) |
| 24:24 | Queue | Villager (Male) |
| 24:31 | Queue | Woad Raider |
| 24:40 | Queue | Villager (Male) |
| 24:49 | Build | House |
| 24:55 | Build | House |
| 24:58 | Build | Stone Wall |
| 25:18 | Queue | Woad Raider |
| 25:28 | Queue | Woad Raider |
| 25:57 | Build | House |
| 26:24 | Queue | Villager (Male) |
| 26:28 | Build | Monastery |
| 26:38 | Queue | Woad Raider |
| 26:57 | Build | House |
| 27:15 | Queue | Fishing Ship |
| 27:15 | Queue | Fishing Ship |
| 27:16 | Queue | Fishing Ship |
| 27:17 | Queue | Villager (Male) |
| 27:57 | Queue | Villager (Male) |
| 27:58 | Queue | Monk |
| 28:02 | Build | Town Center |
| 28:07 | Build | Farm |
| 28:17 | Queue | Villager (Male) |
| 28:17 | Queue | Villager (Male) |
| 28:35 | Queue | Woad Raider |
| 28:46 | Build | Barracks |
| 28:50 | Build | House |
| 28:56 | Queue | Monk |
| 28:57 | Queue | Monk |
| 28:57 | Queue | Villager (Male) |
| 29:00 | Queue | Villager (Male) |
| 29:08 | Queue | Villager (Male) |
| 29:39 | Research | Town Watch |
| 30:06 | Queue | Villager (Male) |
| 30:07 | Queue | Villager (Male) |
| 30:07 | Queue | Villager (Male) |
| 30:15 | Queue | Battering Ram |
| 30:30 | Queue | Villager (Male) |
| 30:41 | Queue | Mangonel |
| 30:43 | Queue | Villager (Male) |
| 31:03 | Queue | Villager (Male) |
| 31:07 | Queue | Spearman |
| 31:07 | Queue | Spearman |
| 31:07 | Queue | Spearman |
| 31:12 | Build | Farm |
| 31:22 | Build | Lumber Camp |
| 31:56 | Queue | Villager (Male) |
| 31:59 | Research | Pikeman (upgrade) |
| 32:01 | Queue | Spearman |
| 32:01 | Queue | Spearman |
| 32:13 | Queue | Villager (Male) |
| 32:41 | Queue | Spearman |
Build order — 岸边露伴
First 150 of 302 actions detected
| 0:54 | Build | Town Center |
| 1:45 | Build | House |
| 2:58 | Build | House |
| 3:05 | Queue | Villager (Male) |
| 3:06 | Queue | Villager (Male) |
| 3:06 | Research | Loom |
| 3:06 | Queue | Villager (Male) |
| 3:07 | Queue | Villager (Male) |
| 3:07 | Queue | Villager (Male) |
| 4:03 | Build | Dock |
| 5:19 | Queue | Villager (Male) |
| 5:20 | Queue | Villager (Male) |
| 5:20 | Queue | Villager (Male) |
| 5:20 | Queue | Villager (Male) |
| 5:20 | Queue | Villager (Male) |
| 5:49 | Queue | Villager (Male) |
| 5:49 | Queue | Villager (Male) |
| 5:49 | Queue | Villager (Male) |
| 6:09 | Queue | Villager (Male) |
| 6:09 | Queue | Villager (Male) |
| 6:10 | Queue | Villager (Male) |
| 6:10 | Queue | Villager (Male) |
| 6:33 | Queue | Villager (Male) |
| 6:53 | Queue | Fishing Ship |
| 6:54 | Queue | Fishing Ship |
| 6:54 | Queue | Fishing Ship |
| 7:08 | Queue | Villager (Male) |
| 7:19 | Queue | Villager (Male) |
| 7:25 | Build | House |
| 8:14 | Queue | Villager (Male) |
| 8:24 | Queue | Fishing Ship |
| 8:40 | Queue | Villager (Male) |
| 8:59 | Queue | Villager (Male) |
| 9:08 | Build | House |
| 9:36 | Queue | Villager (Male) |
| 9:38 | Queue | Fishing Ship |
| 9:38 | Queue | Fishing Ship |
| 9:55 | Queue | Villager (Male) |
| 10:11 | Build | House |
| 10:30 | Queue | Villager (Male) |
| 10:47 | Build | Mill |
| 11:11 | Research | Feudal Age |
| 11:11 | Research | Feudal Age |
| 11:11 | Research | Feudal Age |
| 12:15 | Build | Barracks |
| 13:00 | Queue | Villager (Male) |
| 13:21 | Age | Feudal Age |
| 13:42 | Build | Stable |
| 13:45 | Queue | Villager (Male) |
| 13:49 | Research | Town Watch |
| 14:37 | Queue | Villager (Male) |
| 14:45 | Build | Lumber Camp |
| 14:58 | Queue | Villager (Male) |
| 15:16 | Queue | Villager (Male) |
| 15:26 | Build | House |
| 15:40 | Build | Blacksmith |
| 15:43 | Build | House |
| 15:47 | Queue | Villager (Male) |
| 15:54 | Research | Double-Bit Axe |
| 15:55 | Research | Double-Bit Axe |
| 15:55 | Research | Double-Bit Axe |
| 15:55 | Research | Double-Bit Axe |
| 16:16 | Queue | Fishing Ship |
| 16:25 | Research | Castle Age |
| 16:25 | Research | Castle Age |
| 16:25 | Research | Castle Age |
| 16:26 | Research | Castle Age |
| 16:42 | Research | Horse Collar |
| 16:52 | Build | House |
| 16:59 | Build | Palisade Wall |
| 17:02 | Build | Palisade Gate |
| 17:06 | Build | House |
| 17:27 | Build | Stable |
| 17:41 | Build | Mill |
| 18:10 | Build | Farm |
| 18:19 | Build | Farm |
| 18:24 | Build | Farm |
| 18:28 | Queue | Scout Cavalry |
| 18:35 | Build | Farm |
| 18:49 | Build | Farm |
| 19:00 | Build | Gate |
| 19:05 | Age | Castle Age |
| 19:12 | Build | Siege Workshop |
| 19:28 | Build | House |
| 20:02 | Research | Forging |
| 20:34 | Queue | Fire Lancer |
| 20:34 | Queue | Fire Lancer |
| 23:58 | Research | Bloodlines |
| 23:58 | Research | Husbandry |
| 23:59 | Research | Bloodlines |
| 23:59 | Research | Husbandry |
| 24:00 | Queue | Steppe Lancer |
| 24:01 | Queue | Steppe Lancer |
| 24:01 | Queue | Steppe Lancer |
| 24:03 | Queue | Steppe Lancer |
| 24:11 | Build | Town Center |
| 24:19 | Research | Scale Barding Armor |
| 24:19 | Research | Scale Barding Armor |
| 24:19 | Research | Scale Barding Armor |
| 24:59 | Research | Iron Casting |
| 25:20 | Build | Lumber Camp |
| 25:34 | Queue | Villager (Male) |
| 25:34 | Queue | Villager (Male) |
| 25:34 | Queue | Villager (Male) |
| 26:04 | Build | Town Center |
| 26:31 | Queue | Villager (Male) |
| 27:30 | Build | Mining Camp |
| 28:12 | Build | Town Center |
| 28:21 | Build | Mining Camp |
| 29:55 | Build | Siege Workshop |
| 30:43 | Queue | Steppe Lancer |
| 30:44 | Queue | Steppe Lancer |
| 30:44 | Queue | Steppe Lancer |
| 32:30 | Build | Market |
| 34:13 | Build | Mining Camp |
| 34:23 | Queue | Villager (Male) |
| 34:52 | Build | Lumber Camp |
| 35:23 | Queue | Transport Ship |
| 36:59 | Build | Mining Camp |
| 37:23 | Build | Castle |
| 37:28 | Build | Stone Wall |
| 37:33 | Build | Siege Workshop |
| 37:39 | Build | Stone Wall |
| 37:41 | Build | Stone Wall |
| 37:43 | Build | Stone Wall |
| 37:55 | Build | Blacksmith |
| 38:03 | Build | Stone Wall |
| 38:05 | Build | Stone Wall |
| 38:07 | Build | Stone Wall |
| 38:11 | Build | Stone Wall |
| 38:51 | Research | Fletching |
| 38:56 | Queue | Iron Pagoda |
| 39:07 | Queue | Unit 1908 |
| 39:16 | Queue | Iron Pagoda |
| 39:50 | Queue | Iron Pagoda |
| 39:50 | Queue | Iron Pagoda |
| 39:50 | Queue | Iron Pagoda |
| 39:50 | Queue | Iron Pagoda |
| 39:50 | Queue | Iron Pagoda |
| 39:50 | Queue | Iron Pagoda |
| 39:50 | Queue | Iron Pagoda |
| 39:51 | Queue | Iron Pagoda |
| 39:51 | Queue | Iron Pagoda |
| 39:51 | Queue | Iron Pagoda |
| 39:51 | Queue | Iron Pagoda |
| 40:55 | Build | Monastery |
| 41:55 | Queue | Monk |
| 42:58 | Queue | Unit 1908 |
| 42:59 | Queue | Unit 1908 |
| 42:59 | Queue | Unit 1908 |
Match timeline
| 0:26 | 半半年没打了 · first_building Dock |
| 0:52 | SevenThunder438 · first_building Dock |
| 1:21 | 尼玛个蛋 · first_building Dock |
| 1:36 | 半半年没打了 · wall_segment Palisade Wall x1 |
| 1:39 | 半半年没打了 · wall_segment Palisade Wall x1 |
| 2:38 | 中药人 · first_building Dock |
| 3:22 | 中药人 · wall_segment Palisade Wall x1 |
| 4:03 | 岸边露伴 · first_building Dock |
| 4:19 | 尼玛个蛋 · wall_segment Palisade Wall x1 |
| 4:31 | willem.goossenss · first_building Dock |
| 5:28 | 搞就完了 · first_building Dock |
| 7:44 | SevenThunder438 · wall_segment Palisade Wall x3 |
| 7:48 | SevenThunder438 · wall_segment Palisade Wall x10 |
| 9:35 | 中药人 · wall_segment Palisade Wall x1 |
| 10:14 | TxWang · first_building Barracks |
| 10:30 | 中药人 · wall_segment Palisade Wall x11 |
| 11:18 | 中药人 · wall_segment Palisade Wall x8 |
| 11:20 | 中药人 · wall_segment Palisade Wall x1 |
| 11:24 | 半半年没打了 · age_up feudal |
| 12:00 | 尼玛个蛋 · first_building Barracks |
| 12:15 | 岸边露伴 · first_building Barracks |
| 12:59 | SevenThunder438 · wall_segment Palisade Wall x14 |
| 13:16 | SevenThunder438 · wall_segment Palisade Wall x13 |
| 13:20 | TxWang · age_up feudal |
| 13:21 | 岸边露伴 · age_up feudal |
| 13:37 | 中药人 · age_up feudal |
| 13:41 | TxWang · first_building Archery Range |
| 13:42 | 岸边露伴 · first_building Stable |
| 13:53 | 尼玛个蛋 · age_up feudal |
| 13:57 | 尼玛个蛋 · first_building Stable |
| 15:14 | 半半年没打了 · wall_segment Stone Wall x4 |
| 15:37 | willem.goossenss · age_up feudal |
| 15:43 | 搞就完了 · age_up feudal |
| 16:01 | 搞就完了 · wall_segment Palisade Wall x4 |
| 16:25 | SevenThunder438 · first_market_buy 100 food |
| 16:29 | SevenThunder438 · first_market_sell 100 wood |
| 16:34 | 中药人 · first_market_buy 100 food |
| 16:35 | 中药人 · first_market_sell 100 wood |
| 16:41 | TxWang · wall_segment Stone Wall x1 |
| 16:59 | 岸边露伴 · wall_segment Palisade Wall x4 |
| 17:33 | 尼玛个蛋 · age_up castle |
| 17:47 | 搞就完了 · wall_segment Palisade Wall x4 |
| 18:43 | willem.goossenss · first_building Barracks |
| 18:53 | 半半年没打了 · first_market_buy 100 food |
| 19:05 | 岸边露伴 · age_up castle |
| 19:12 | 岸边露伴 · first_building Siege Workshop |
| 19:20 | 中药人 · age_up castle |
| 19:24 | 中药人 · first_building Castle |
| 19:51 | willem.goossenss · first_building Stable |
| 19:56 | SevenThunder438 · first_building Siege Workshop |
| 20:05 | SevenThunder438 · first_building Castle |
| 20:27 | 搞就完了 · age_up castle |
| 20:34 | 中药人 · wall_segment Palisade Wall x1 |
| 20:38 | willem.goossenss · age_up castle |
| 20:53 | 中药人 · first_building Siege Workshop |
| 21:33 | 半半年没打了 · age_up castle |
| 21:39 | 半半年没打了 · first_building Monastery |
| 22:45 | 中药人 · wall_segment Stone Wall x3 |
| 22:48 | 中药人 · wall_segment Stone Wall x1 |
| 23:56 | TxWang · first_market_buy 100 wood |
| 24:03 | TxWang · tribute_sent a jugador 1 |
| 24:03 | TxWang · tribute_sent a jugador 3 |
| 24:03 | TxWang · tribute_sent a jugador 4 |
| 24:03 | TxWang · tribute_sent a jugador 5 |
| 24:03 | TxWang · tribute_sent a jugador 6 |
| 24:03 | TxWang · tribute_sent a jugador 7 |
| 24:03 | TxWang · tribute_sent a jugador 8 |
| 24:14 | SevenThunder438 · first_building Monastery |
| 24:21 | 搞就完了 · first_market_buy 100 stone |
| 24:46 | 半半年没打了 · first_building Barracks |
| 24:58 | 搞就完了 · first_building Barracks |
| 24:58 | 中药人 · wall_segment Stone Wall x1 |
| 26:09 | 搞就完了 · first_building Archery Range |
| 26:28 | 中药人 · first_building Monastery |
| 26:48 | 半半年没打了 · first_building Archery Range |
| 27:26 | willem.goossenss · first_market_sell 100 wood |
| 27:28 | willem.goossenss · first_market_buy 100 food |
| 28:00 | 尼玛个蛋 · first_market_buy 100 food |
| 28:44 | 半半年没打了 · first_market_sell 100 wood |
| 28:46 | 中药人 · first_building Barracks |
| 29:37 | 搞就完了 · first_building Castle |
| 30:13 | 半半年没打了 · first_building Castle |
| 30:58 | 搞就完了 · first_building Stable |
| 31:50 | TxWang · first_market_sell 100 wood |
| 31:59 | 半半年没打了 · first_building Siege Workshop |
| 33:19 | 岸边露伴 · first_market_buy 100 stone |
| 33:24 | 半半年没打了 · first_building Stable |
| 33:30 | 中药人 · wall_segment Stone Wall x1 |
| 33:46 | SevenThunder438 · first_building Barracks |
| 34:34 | TxWang · age_up castle |
| 34:52 | SevenThunder438 · first_building Stable |
| 34:56 | 搞就完了 · age_up imperial |
| 37:23 | 岸边露伴 · first_building Castle |
| 37:28 | 岸边露伴 · wall_segment Stone Wall x1 |
| 37:36 | 半半年没打了 · age_up imperial |
| 37:39 | 岸边露伴 · wall_segment Stone Wall x1 |
| 37:41 | 岸边露伴 · wall_segment Stone Wall x1 |
| 37:43 | 岸边露伴 · wall_segment Stone Wall x1 |
| 37:45 | willem.goossenss · first_building Castle |
| 37:59 | willem.goossenss · first_building Archery Range |
| 38:03 | 岸边露伴 · wall_segment Stone Wall x1 |
| 38:05 | 岸边露伴 · wall_segment Stone Wall x1 |
| 38:07 | 岸边露伴 · wall_segment Stone Wall x1 |
| 38:11 | 岸边露伴 · wall_segment Stone Wall x1 |
| 39:28 | TxWang · first_building Castle |
| 40:55 | 岸边露伴 · first_building Monastery |
| 41:02 | TxWang · first_building Stable |
| 42:21 | TxWang · first_building Siege Workshop |
| 42:37 | 尼玛个蛋 · first_building Archery Range |
| 44:20 | willem.goossenss · age_up imperial |
| 47:10 | 中药人 · age_up imperial |
| 48:58 | 半半年没打了 · tribute_sent a jugador 1 |
| 48:58 | 半半年没打了 · tribute_sent a jugador 2 |
| 48:58 | 半半年没打了 · tribute_sent a jugador 3 |
| 48:58 | 半半年没打了 · tribute_sent a jugador 4 |
| 48:58 | 半半年没打了 · tribute_sent a jugador 5 |
| 48:58 | 半半年没打了 · tribute_sent a jugador 7 |
| 48:58 | 半半年没打了 · tribute_sent a jugador 8 |
| 51:41 | 半半年没打了 · tribute_sent a jugador 1 |
| 51:41 | 半半年没打了 · tribute_sent a jugador 2 |
| 51:41 | 半半年没打了 · tribute_sent a jugador 3 |
| 51:41 | 半半年没打了 · tribute_sent a jugador 4 |
| 51:41 | 半半年没打了 · tribute_sent a jugador 5 |
| 51:41 | 半半年没打了 · tribute_sent a jugador 7 |
| 51:41 | 半半年没打了 · tribute_sent a jugador 8 |
| 52:21 | 尼玛个蛋 · first_building Monastery |
| 52:31 | 半半年没打了 · tribute_sent a jugador 1 |
| 52:31 | 半半年没打了 · tribute_sent a jugador 2 |
| 52:31 | 半半年没打了 · tribute_sent a jugador 3 |
| 52:31 | 半半年没打了 · tribute_sent a jugador 4 |
| 52:31 | 半半年没打了 · tribute_sent a jugador 5 |
| 52:31 | 半半年没打了 · tribute_sent a jugador 7 |
| 52:31 | 半半年没打了 · tribute_sent a jugador 8 |
| 55:38 | TxWang · age_up imperial |
| 56:49 | 尼玛个蛋 · age_up imperial |
| 58:46 | 岸边露伴 · age_up imperial |
| 59:37 | willem.goossenss · tribute_sent a jugador 1 |
| 59:37 | willem.goossenss · tribute_sent a jugador 2 |
| 59:37 | willem.goossenss · tribute_sent a jugador 3 |
| 59:37 | willem.goossenss · tribute_sent a jugador 5 |
| 59:37 | willem.goossenss · tribute_sent a jugador 6 |
| 59:37 | willem.goossenss · tribute_sent a jugador 7 |
| 59:37 | willem.goossenss · tribute_sent a jugador 8 |
| 59:51 | 半半年没打了 · resign |
[ AI ANALYSIS · 1 CREDIT ]
What really happened in this match?
Wolo.gg analyzes every decision: build order, eco, micro, common mistakes by bracket. Personalized analysis on WhatsApp or Discord in 30 seconds.
Civ guide
Persians
Perfil
Jugador #24796223